NYP
VANCOUVER CANADIANS @ CHICAGO (NYP) WHITE SOX
08/12/2045
 
TOP OF THE 1ST
Vancouver Canadians batting - Pitching for Chicago (NYP) White Sox : RHP Jay Cowgill
Pitching: RHP Jay Cowgill
Batting: LHB Teko van de Sande 0-0: Called Strike
0-1: Ground out 3-1 (Groundball, 34, EV 108.1 MPH)
Batting: RHB Kyle Scruggs 0-0: Called Strike
0-1: Ball
1-1: Foul Ball, location: 2F
1-2: Fly out, F8 (Line Drive, 8RM, EV 88.8 MPH)
Batting: LHB Julio Canseco 0-0: Called Strike
0-1: Foul Ball, location: 2F
0-2: Foul Ball, location: 2F
0-2: DOUBLE (Line Drive, 7LS, EV 109.4 MPH)
Batting: RHB Greg Callaghan 0-0: Ball
1-0: Foul Ball, location: 2F
1-1: Foul Ball, location: 2F
1-2: Foul Ball, location: 2F
1-2: Foul Ball, location: 2F
1-2: Strikes out looking
Top of the 1st over - 0 runs, 1 hit, 0 errors, 1 left on base; Vancouver 0 - Chicago (NYP) 0
BOTTOM OF THE 1ST
Chicago (NYP) White Sox batting - Pitching for Vancouver Canadians : RHP Gilbert Weeks
Pitching: RHP Gilbert Weeks
Batting: SHB Ruben Velasco Jr. 0-0: Called Strike
0-1: Foul Ball, location: 2F
0-2: Ball
1-2: Strikes out swinging
Batting: LHB Adam Tarbutton 0-0: Called Strike
0-1: DOUBLE (Line Drive, 9LM, EV 111.9 MPH)
Batting: LHB Josh Pittman 0-0: Called Strike
0-1: Foul Ball, location: 2F
0-2: SINGLE (Groundball, 34D, EV 110.0 MPH)
Adam Tarbutton to third
Batting: LHB Larry Myers 0-0: Called Strike
0-1: Swinging Strike
0-2: Strikes out looking
Batting: RHB Vic Lucatero 0-0: Ball
1-0: Ball
2-0: Called Strike
2-1: Called Strike
2-2: Fielders Choice at 2nd, 6-4 (Groundball, 6, EV 98.1 MPH)
Bottom of the 1st over - 0 runs, 2 hits, 0 errors, 2 left on base; Vancouver 0 - Chicago (NYP) 0
TOP OF THE 2ND
Vancouver Canadians batting - Pitching for Chicago (NYP) White Sox : RHP Jay Cowgill
Batting: LHB Adam Santarelli 0-0: Called Strike
0-1: Ball
1-1: Foul Ball, location: 2F
1-2: Ball
2-2: Ball
3-2: Strikes out swinging
Batting: SHB Ryan Chicoine 0-0: Foul Ball, location: 2F
0-1: Swinging Strike
0-2: Strikes out swinging
Batting: RHB Lamberto Amicis 0-0: Ball
1-0: Ball
2-0: Called Strike
2-1: Swinging Strike
2-2: Strikes out swinging
Top of the 2nd over - 0 runs, 0 hits, 0 errors, 0 left on base; Vancouver 0 - Chicago (NYP) 0
BOTTOM OF THE 2ND
Chicago (NYP) White Sox batting - Pitching for Vancouver Canadians : RHP Gilbert Weeks
Batting: RHB Nick Richardson 0-0: Called Strike
0-1: Foul Ball, location: 2F
0-2: Ball
1-2: Strikes out swinging, 2-3 out at first.
Batting: RHB Yorkis Saiki 0-0: Ball
1-0: Called Strike
1-1: Ball
2-1: Foul Ball, location: 2F
2-2: DOUBLE (Line Drive, 89D, EV 105.6 MPH)
Batting: RHB Victor Orozco 0-0: SINGLE (Groundball, 34D, EV 98.8 MPH)
Yorkis Saiki to third
Runner from 3rd tries for Home, SAFE, throw by RF to home
Batting: RHB Carsten Koers 0-0: Ball
Pickoff Throw to First - Out! 1-3
1-0: Ground out 1-3 (Groundball, 25, EV 68.8 MPH)
Bottom of the 2nd over - 1 run, 2 hits, 0 errors, 0 left on base; Vancouver 0 - Chicago (NYP) 1
TOP OF THE 3RD
Vancouver Canadians batting - Pitching for Chicago (NYP) White Sox : RHP Jay Cowgill
Batting: LHB Tatsuyuki Yamada 0-0: Called Strike
0-1: Ball
1-1: Swinging Strike
1-2: Foul Ball, location: 2F
1-2: Strikes out swinging
Batting: RHB Wade Diamond 0-0: Foul Ball, location: 2F
0-1: Ball
1-1: Swinging Strike
1-2: Strikes out swinging
Batting: LHB Teko van de Sande 0-0: Ball
1-0: Foul Ball, location: 2F
1-1: Ground out 4-3 (Groundball, 4, EV 85.6 MPH)
Top of the 3rd over - 0 runs, 0 hits, 0 errors, 0 left on base; Vancouver 0 - Chicago (NYP) 1
BOTTOM OF THE 3RD
Chicago (NYP) White Sox batting - Pitching for Vancouver Canadians : RHP Gilbert Weeks
Batting: SHB Ruben Velasco Jr. 0-0: Ball
1-0: Swinging Strike
1-1: Called Strike
1-2: Ball
2-2: Strikes out swinging
Batting: LHB Adam Tarbutton 0-0: Called Strike
0-1: Ball
1-1: Called Strike
1-2: Strikes out looking
Batting: LHB Josh Pittman 0-0: Called Strike
0-1: Ball
1-1: Foul Ball, location: 2F
1-2: Ball
2-2: Ground out 6-3 (Groundball, 4MS, EV 87.5 MPH)
Bottom of the 3rd over - 0 runs, 0 hits, 0 errors, 0 left on base; Vancouver 0 - Chicago (NYP) 1
TOP OF THE 4TH
Vancouver Canadians batting - Pitching for Chicago (NYP) White Sox : RHP Jay Cowgill
Batting: RHB Kyle Scruggs 0-0: Called Strike
0-1: Ball
1-1: Ground out 5-3 (Groundball, 56S, EV 87.5 MPH)
Batting: LHB Julio Canseco 0-0: Ball
1-0: Ball
2-0: Called Strike
2-1: Foul Ball, location: 2F
2-2: Strikes out looking
Batting: RHB Greg Callaghan 0-0: Ball
1-0: Swinging Strike
1-1: Foul Ball, location: 2F
1-2: Foul Ball, location: 2F
1-2: Ball
2-2: DOUBLE (Line Drive, 78XD, EV 103.1 MPH)
Batting: LHB Adam Santarelli 0-0: Ground out 4-3 (Groundball, 34, EV 87.5 MPH)
Top of the 4th over - 0 runs, 1 hit, 0 errors, 1 left on base; Vancouver 0 - Chicago (NYP) 1
BOTTOM OF THE 4TH
Chicago (NYP) White Sox batting - Pitching for Vancouver Canadians : RHP Gilbert Weeks
Batting: LHB Larry Myers 0-0: Called Strike
0-1: Swinging Strike
0-2: Ball
1-2: Ball
2-2: Foul Ball, location: 2F
2-2: Ball
3-2: Strikes out swinging
Batting: RHB Vic Lucatero 0-0: Foul Ball, location: 2F
0-1: Foul Ball, location: 2F
0-2: Foul Ball, location: 2F
0-2: Ball
1-2: TRIPLE (Flyball, 78XD, EV 103.1 MPH)
Batting: RHB Nick Richardson 0-0: Ball
1-0: Called Strike
1-1: SINGLE (Groundball, 6MD, EV 98.8 MPH)
Vic Lucatero scores
Batting: RHB Yorkis Saiki 0-0: Ball
1-0: Called Strike
1-1: Ball
2-1: SINGLE (Line Drive, 4M, EV 98.1 MPH)
Nick Richardson to second
Runner from 2nd tries for 3rd, SAFE, no throw by CF
Batting: RHB Victor Orozco 0-0: Ball
1-0: Swinging Strike
1-1: Fly out, F8 (Flyball, 8LXD, EV 101.2 MPH)
Runner from 3rd tags up, SCORES, no throw by CF
Batting: RHB Carsten Koers 0-0: Ball
1-0: SINGLE (Groundball, 4MD, EV 100.0 MPH)
Yorkis Saiki to second
Runner from 2nd tries for 3rd, SAFE, throw by CF made to third
Carsten Koers to second
Batting: SHB Ruben Velasco Jr. 0-0: Ball
1-0: Foul Ball, location: 2F
1-1: TRIPLE (Flyball, 8RXD, EV 109.4 MPH)
Yorkis Saiki scores
Carsten Koers scores
Pitching: RHP Josh Weinmann
Batting: LHB Adam Tarbutton 0-0: Called Strike
0-1: Ball
1-1: Ball
2-1: Swinging Strike
2-2: Ball
3-2: Base on Balls
Batting: LHB Josh Pittman 0-0: Called Strike
0-1: Called Strike
0-2: Strikes out looking
Bottom of the 4th over - 4 runs, 5 hits, 0 errors, 2 left on base; Vancouver 0 - Chicago (NYP) 5
TOP OF THE 5TH
Vancouver Canadians batting - Pitching for Chicago (NYP) White Sox : RHP Jay Cowgill
Batting: SHB Ryan Chicoine 0-0: Swinging Strike
0-1: Ball
1-1: Foul Ball, location: 2F
1-2: DOUBLE (Line Drive, 78D, EV 113.1 MPH)
Batting: RHB Lamberto Amicis 0-0: Ball
1-0: Ball
2-0: Swinging Strike
2-1: Ground out 6-3 (Groundball, 6M, EV 98.8 MPH)
Ryan Chicoine to third
Batting: LHB Tatsuyuki Yamada 0-0: Swinging Strike
0-1: Ball
1-1: Foul Ball, location: 2F
1-2: Foul Ball, location: 2F
1-2: Strikes out swinging
Batting: RHB Wade Diamond 0-0: Foul Ball, location: 2F
0-1: Ball
1-1: Foul Ball, location: 2F
1-2: Strikes out swinging
Top of the 5th over - 0 runs, 1 hit, 0 errors, 1 left on base; Vancouver 0 - Chicago (NYP) 5
BOTTOM OF THE 5TH
Chicago (NYP) White Sox batting - Pitching for Vancouver Canadians : RHP Josh Weinmann
Batting: LHB Larry Myers 0-0: Foul Ball, location: 2F
0-1: Swinging Strike
0-2: Ground out 6-3 (Groundball, 6, EV 88.8 MPH)
Batting: RHB Vic Lucatero 0-0: Ground out 6-3 (Groundball, 6, EV 86.2 MPH)
Batting: RHB Nick Richardson 0-0: Ball
1-0: Called Strike
1-1: SINGLE (Groundball, 6MD, EV 100.6 MPH)
Batting: RHB Yorkis Saiki 0-0: Ball
1-0: Fielders Choice at 2nd, 6-4 (Groundball, 6, EV 82.5 MPH)
Bottom of the 5th over - 0 runs, 1 hit, 0 errors, 1 left on base; Vancouver 0 - Chicago (NYP) 5
TOP OF THE 6TH
Vancouver Canadians batting - Pitching for Chicago (NYP) White Sox : RHP Jay Cowgill
Batting: LHB Teko van de Sande 0-0: Ball
1-0: Swinging Strike
1-1: Ball
2-1: Called Strike
2-2: Strikes out swinging
Batting: RHB Kyle Scruggs 0-0: SINGLE (Flyball, 89S, EV 89.4 MPH)
Batting: LHB Julio Canseco 0-0: Called Strike
0-1: Ball
1-1: Swinging Strike
1-2: Ball
2-2: Foul Ball, location: 2F
2-2: Ball
3-2: Grounds into double play, 4-6-3 (Groundball, 4S, EV 80.6 MPH)
Top of the 6th over - 0 runs, 1 hit, 0 errors, 0 left on base; Vancouver 0 - Chicago (NYP) 5
BOTTOM OF THE 6TH
Chicago (NYP) White Sox batting - Pitching for Vancouver Canadians : RHP Josh Weinmann
Batting: RHB Victor Orozco 0-0: Ball
1-0: Ball
2-0: Called Strike
2-1: Ball
3-1: Ground out 4-3 (Groundball, 4MD, EV 76.9 MPH)
Batting: RHB Carsten Koers 0-0: Swinging Strike
0-1: Ball
1-1: Ball
2-1: Ball
3-1: Swinging Strike
3-2: Strikes out swinging
Batting: SHB Ruben Velasco Jr. 0-0: Ball
1-0: Foul Ball, location: 2F
1-1: Called Strike
1-2: Ball
2-2: Foul Ball, location: 2F
2-2: Ball
3-2: Foul Ball, location: 2F
3-2: Base on Balls
Batting: LHB Adam Tarbutton 0-0: Ball
1-0: Ball
2-0: Called Strike
2-1: Swinging Strike
2-2: Strikes out swinging
Bottom of the 6th over - 0 runs, 0 hits, 0 errors, 1 left on base; Vancouver 0 - Chicago (NYP) 5
TOP OF THE 7TH
Vancouver Canadians batting - Pitching for Chicago (NYP) White Sox : RHP Jay Cowgill
Batting: RHB Greg Callaghan 0-0: Ball
1-0: Foul Ball, location: 2F
1-1: Swinging Strike
1-2: Foul Ball, location: 2F
1-2: Foul Ball, location: 2F
1-2: Strikes out swinging
Pitching: RHP Alexis Trujillo
Batting: LHB Adam Santarelli 0-0: Called Strike
0-1: Ball
1-1: Swinging Strike
1-2: Strikes out swinging
Batting: SHB Ryan Chicoine 0-0: Called Strike
0-1: Ball
1-1: Ground out 5-3 (Groundball, 56S, EV 84.4 MPH)
Top of the 7th over - 0 runs, 0 hits, 0 errors, 0 left on base; Vancouver 0 - Chicago (NYP) 5
BOTTOM OF THE 7TH
Chicago (NYP) White Sox batting - Pitching for Vancouver Canadians : RHP Josh Weinmann
Batting: LHB Josh Pittman 0-0: Ground out U3 (Groundball, 3L, EV 100.0 MPH)
Batting: LHB Larry Myers 0-0: Called Strike
0-1: Ball
1-1: Swinging Strike
1-2: Fly out, F8 (Flyball, 8LS, EV 84.4 MPH)
Batting: RHB Vic Lucatero 0-0: SINGLE (Groundball, 56, EV 107.5 MPH) (infield hit)
Batting: RHB Nick Richardson 0-0: Ball
1-0: Ball
2-0: Ball
3-0: Base on Balls
Vic Lucatero to second
Batting: RHB Yorkis Saiki 0-0: Ball
1-0: Foul Ball, location: 2F
1-1: SINGLE (Groundball, 6MD, EV 95.6 MPH)
Vic Lucatero to third
Nick Richardson to second
Runner from 3rd tries for Home, SAFE, throw by CF to home
Batting: RHB Victor Orozco 0-0: Swinging Strike
0-1: Called Strike
0-2: Ball
Balk!
Nick Richardson to third
Yorkis Saiki to second
1-2: Strikes out swinging
Bottom of the 7th over - 1 run, 2 hits, 0 errors, 2 left on base; Vancouver 0 - Chicago (NYP) 6
TOP OF THE 8TH
Vancouver Canadians batting - Pitching for Chicago (NYP) White Sox : RHP Alexis Trujillo
Batting: RHB Lamberto Amicis 0-0: Swinging Strike
0-1: Called Strike
0-2: DOUBLE (Line Drive, 78XD, EV 110.6 MPH)
Batting: LHB Tatsuyuki Yamada 0-0: Foul Ball, location: 2F
0-1: Foul Ball, location: 2F
0-2: Strikes out looking
Batting: RHB Wade Diamond 0-0: Ball
1-0: Ball
2-0: Called Strike
2-1: Swinging Strike
2-2: Foul Ball, location: 2F
2-2: Ball
3-2: Fly out, F1 (Line Drive, P, EV 70.6 MPH)
Batting: LHB Teko van de Sande 0-0: Called Strike
0-1: Ball
1-1: SINGLE (Groundball, 5S, EV 69.4 MPH) (infield hit)
Lamberto Amicis to third
Batting: RHB Kyle Scruggs 0-0: Ball
1-0: Ball
2-0: Ball
3-0: Base on Balls
Teko van de Sande to second
Batting: LHB Julio Canseco 0-0: Ball
1-0: Fielders Choice at 2nd, 5-4 (Groundball, 56, EV 84.4 MPH)
Top of the 8th over - 0 runs, 2 hits, 0 errors, 3 left on base; Vancouver 0 - Chicago (NYP) 6
BOTTOM OF THE 8TH
Chicago (NYP) White Sox batting - Pitching for Vancouver Canadians : RHP Josh Weinmann
Batting: RHB Carsten Koers 0-0: Ball
1-0: SINGLE (Groundball, 6, EV 103.1 MPH)
Batting: SHB Ruben Velasco Jr. 0-0: Called Strike
0-1: Foul Ball, location: 2F
0-2: Ball
1-2: Ball
2-2: DOUBLE (Line Drive, 3D, EV 103.1 MPH)
Carsten Koers to third
Runner from 3rd tries for Home, SAFE, no throw by RF
Pitching: RHP Alexis Martinez
Batting: LHB Adam Tarbutton 0-0: SINGLE (Flyball, 7LS, EV 91.2 MPH)
Ruben Velasco Jr. to third
Pinch Hitting: LHB Jeff Alphonso 0-0: Swinging Strike
0-1: Ball
1-1: Ball
2-1: Called Strike
2-2: Foul Ball, location: 2F
2-2: SINGLE (Groundball, 34D, EV 103.8 MPH)
Ruben Velasco Jr. scores
Adam Tarbutton to second
Batting: LHB Larry Myers 0-0: Ball
1-0: Grounds into double play, 4-6-3 (Groundball, 4M, EV 108.8 MPH)
Adam Tarbutton to third
Batting: RHB Vic Lucatero 0-0: Called Strike
0-1: Foul Ball, location: 2F
0-2: Ball
1-2: Ball
2-2: Fly out, F6 (Popup, 6S, EV 68.1 MPH)
Bottom of the 8th over - 2 runs, 4 hits, 0 errors, 1 left on base; Vancouver 0 - Chicago (NYP) 8
TOP OF THE 9TH
Vancouver Canadians batting - Pitching for Chicago (NYP) White Sox : RHP Alexis Trujillo
Now in LF: Vic Lucatero
Now in RF: Herkko Haavikko
Batting: RHB Greg Callaghan 0-0: Called Strike
0-1: Swinging Strike
0-2: Strikes out swinging
DELAY Rain delay of 12 minutes in the 9th inning.
Pinch Hitting: LHB Brennan Crisp 0-0: Called Strike
0-1: Ball
1-1: Ground out 1-3 (Groundball, 13, EV 69.4 MPH)
Batting: SHB Ryan Chicoine 0-0: Ball
1-0: Ball
2-0: Ball
3-0: Base on Balls
Pinch Hitting: RHB Victor Gonzalez 0-0: Ball
1-0: Called Strike
1-1: Foul Ball, location: 2F
1-2: Foul Ball, location: 2F
1-2: Ball
2-2: SINGLE (Groundball, 25, EV 63.1 MPH) (infield hit)
Ryan Chicoine to second
Batting: LHB Tatsuyuki Yamada 0-0: Ground out 4-3 (Groundball, 4, EV 107.5 MPH)
Top of the 9th over - 0 runs, 1 hit, 0 errors, 2 left on base; Vancouver 0 - Chicago (NYP) 8
Wednesday, June 22nd , 2022 - OOTP Baseball 23.4 Build 64